TOP OF THE 1ST |
West Virginia Power batting - Pitching for Binghamton Mets : RHP Matt Bennett
|
Pitching: RHP Matt Bennett
|
|
Batting: RHB Perry Dominey
|
0-0: SINGLE (Line Drive, 78M, EV 91.2 MPH)
|
Batting: LHB Josh Aerni
|
0-0: Ball Perry Dominey steals 2nd base 1-0: Fly out, F9 (Flyball, 89S, EV 91.2 MPH)
|
Batting: RHB Mike Velazquez
|
0-0: Ball 1-0: Called Strike 1-1: Foul Ball, location: 2F 1-2: Foul Ball, location: 2F 1-2: Ball 2-2: Ball 3-2: Foul Ball, location: 2F 3-2: Base on Balls
|
Batting: LHB Gregg Kellerman
|
0-0: Ball 1-0: Ball 2-0: Fielders Choice at 2nd, 3-6 (Groundball, 34, EV 80.6 MPH) Perry Dominey to third
|
Batting: LHB Carlos Vega
|
0-0: Ball 1-0: Called Strike 1-1: Fly out, F7 (Flyball, 7LDF, EV 101.9 MPH)
|
Top of the 1st over - 0 runs, 1 hit, 0 errors, 2 left on base; West Virginia 0 - Binghamton 0 |
BOTTOM OF THE 1ST |
Binghamton Mets batting - Pitching for West Virginia Power : LHP Mario Flores
|
Pitching: LHP Mario Flores
|
|
Batting: RHB Rich Cracchiolo
|
0-0: Called Strike 0-1: Called Strike 0-2: Ball 1-2: Foul Ball, location: 2F 1-2: Ball 2-2: Strikes out swinging
|
Batting: RHB Jordan Williams
|
0-0: Ball 1-0: Ball 2-0: Fly out, F3 (Popup, 3SF, EV 83.1 MPH)
|
Batting: RHB Gang-sheng Chew
|
0-0: SINGLE (Groundball, 6S, EV 100.0 MPH)
|
Batting: LHB Tony Leyba
|
0-0: Called Strike 0-1: Ball 1-1: Ball 2-1: DOUBLE (Flyball, 8LXD, EV 96.2 MPH) Gang-sheng Chew to third
|
Batting: RHB Sean Lee
|
0-0: Fly out, F7 (Flyball, 7S, EV 86.9 MPH)
|
Bottom of the 1st over - 0 runs, 2 hits, 0 errors, 2 left on base; West Virginia 0 - Binghamton 0 |
TOP OF THE 2ND |
West Virginia Power batting - Pitching for Binghamton Mets : RHP Matt Bennett
|
Batting: LHB Donald Imre
|
0-0: Swinging Strike 0-1: Ball 1-1: Foul Ball, location: 2F 1-2: Ball 2-2: Strikes out swinging
|
Batting: RHB Roberto Guzman
|
0-0: Ball 1-0: Ball 2-0: Foul Ball, location: 2F 2-1: Foul Ball, location: 2F 2-2: Ball 3-2: Base on Balls
|
Batting: RHB John DeVillier
|
0-0: Ball 1-0: Ground out 5-3 (Groundball, 56, EV 105.0 MPH) Roberto Guzman to second
|
Batting: RHB Brian Moore
|
0-0: Swinging Strike 0-1: Foul Ball, location: 2F 0-2: Strikes out swinging
|
Top of the 2nd over - 0 runs, 0 hits, 0 errors, 1 left on base; West Virginia 0 - Binghamton 0 |
BOTTOM OF THE 2ND |
Binghamton Mets batting - Pitching for West Virginia Power : LHP Mario Flores
|
Batting: RHB Fathi Addae
|
0-0: Called Strike 0-1: Foul Ball, location: 2F 0-2: Foul Ball, location: 2F 0-2: Foul Ball, location: 2F 0-2: Ball 1-2: Foul Ball, location: 2F 1-2: Ball 2-2: Strikes out swinging
|
Batting: RHB Victor Reyes
|
0-0: Ball 1-0: Called Strike 1-1: Ball 2-1: Foul Ball, location: 2F 2-2: Foul Ball, location: 2F 2-2: Strikes out swinging
|
Batting: SHB Ryan Brown
|
0-0: Ground out 6-3 (Groundball, 6, EV 100.6 MPH)
|
Bottom of the 2nd over - 0 runs, 0 hits, 0 errors, 0 left on base; West Virginia 0 - Binghamton 0 |
TOP OF THE 3RD |
West Virginia Power batting - Pitching for Binghamton Mets : RHP Matt Bennett
|
Batting: RHB Perry Dominey
|
0-0: Ball 1-0: Ball 2-0: Called Strike 2-1: Ball 3-1: SINGLE (Groundball, 56S, EV 68.1 MPH) (infield hit)
|
Batting: LHB Josh Aerni
|
0-0: Called Strike Perry Dominey steals 2nd, throwing error, E2 Perry Dominey to third 0-1: Foul Ball, location: 2F 0-2: Fly out, F4 (Line Drive, 34, EV 70.0 MPH)
|
Batting: RHB Mike Velazquez
|
0-0: Ball 1-0: Ground out U3 (Groundball, 34, EV 84.4 MPH) Perry Dominey scores
|
Batting: LHB Gregg Kellerman
|
0-0: Ball 1-0: Foul Ball, location: 2F 1-1: Foul Ball, location: 2F 1-2: Ball 2-2: Fly out, F7 (Flyball, 7S, EV 80.0 MPH)
|
Top of the 3rd over - 1 run, 1 hit, 1 error, 0 left on base; West Virginia 1 - Binghamton 0 |
BOTTOM OF THE 3RD |
Binghamton Mets batting - Pitching for West Virginia Power : LHP Mario Flores
|
Batting: LHB Preston Knaak
|
0-0: Ball 1-0: Swinging Strike 1-1: Ball 2-1: Swinging Strike 2-2: Strikes out swinging
|
Batting: RHB Rich Cracchiolo
|
0-0: Ball 1-0: Called Strike 1-1: Ball 2-1: Ground out 6-3 (Groundball, 6, EV 105.6 MPH)
|
Batting: RHB Jordan Williams
|
0-0: Swinging Strike 0-1: Called Strike 0-2: Foul Ball, location: 2F 0-2: Strikes out swinging, 2-3 out at first.
|
Bottom of the 3rd over - 0 runs, 0 hits, 0 errors, 0 left on base; West Virginia 1 - Binghamton 0 |
TOP OF THE 4TH |
West Virginia Power batting - Pitching for Binghamton Mets : RHP Matt Bennett
|
Batting: LHB Carlos Vega
|
0-0: DOUBLE (Line Drive, 7LS, EV 93.1 MPH)
|
Batting: LHB Donald Imre
|
0-0: Fly out, F8 (Flyball, 89M, EV 90.0 MPH)
|
Batting: RHB Roberto Guzman
|
0-0: Called Strike 0-1: Ball 1-1: Ground out U3 (Groundball, 34, EV 92.5 MPH) Carlos Vega to third
|
Batting: RHB John DeVillier
|
0-0: Foul Ball, location: 2F 0-1: Called Strike 0-2: Ball 1-2: SINGLE (Line Drive, 8LS, EV 100.0 MPH) Carlos Vega scores
|
Batting: RHB Brian Moore
|
0-0: Called Strike John DeVillier steals 2nd base 0-1: Ball 1-1: Called Strike 1-2: Foul Ball, location: 2F 1-2: Ball 2-2: DOUBLE (Line Drive, 9LD, EV 104.4 MPH) John DeVillier scores
|
Batting: RHB Perry Dominey
|
0-0: Swinging Strike 0-1: Swinging Strike 0-2: Strikes out looking
|
Top of the 4th over - 2 runs, 3 hits, 0 errors, 1 left on base; West Virginia 3 - Binghamton 0 |
BOTTOM OF THE 4TH |
Binghamton Mets batting - Pitching for West Virginia Power : LHP Mario Flores
|
Batting: RHB Gang-sheng Chew
|
0-0: Ground out 5-3 (Groundball, 56, EV 88.1 MPH)
|
Batting: LHB Tony Leyba
|
0-0: Ball 1-0: Ball 2-0: Ball 3-0: Called Strike 3-1: SINGLE (Groundball, 6S, EV 70.0 MPH) (infield hit)
|
Batting: RHB Sean Lee
|
0-0: Called Strike 0-1: Foul Ball, location: 2F 0-2: Ball 1-2: Foul Ball, location: 2F 1-2: Ball 2-2: Ball 3-2: Strikes out swinging
|
Batting: RHB Fathi Addae
|
0-0: SINGLE (Groundball, 56D, EV 100.0 MPH) Tony Leyba to second
|
Batting: RHB Victor Reyes
|
0-0: Foul Ball, location: 2F 0-1: Ball 1-1: Ball 2-1: Swinging Strike 2-2: Ground out 4-3 (Groundball, 4, EV 88.8 MPH)
|
Bottom of the 4th over - 0 runs, 2 hits, 0 errors, 2 left on base; West Virginia 3 - Binghamton 0 |
TOP OF THE 5TH |
West Virginia Power batting - Pitching for Binghamton Mets : RHP Matt Bennett
|
Batting: LHB Josh Aerni
|
0-0: Foul Ball, location: 2F 0-1: Ball 1-1: Called Strike 1-2: Strikes out looking
|
Batting: RHB Mike Velazquez
|
0-0: Ball 1-0: Called Strike 1-1: Ball 2-1: Ball 3-1: Base on Balls
|
Batting: LHB Gregg Kellerman
|
0-0: Ball 1-0: SINGLE (Flyball, 56D, EV 95.0 MPH) Mike Velazquez to second
|
Batting: LHB Carlos Vega
|
0-0: SINGLE (Line Drive, 7LS, EV 94.4 MPH) Mike Velazquez to third Gregg Kellerman to second
|
Batting: LHB Donald Imre
|
0-0: Ball 1-0: Ball 2-0: Ball 3-0: Called Strike 3-1: Foul Ball, location: 2F 3-2: Base on Balls Mike Velazquez scores Gregg Kellerman to third Carlos Vega to second
|
Batting: RHB Roberto Guzman
|
0-0: Swinging Strike 0-1: Swinging Strike 0-2: Ball 1-2: Strikes out swinging
|
Batting: RHB John DeVillier
|
0-0: Foul Ball, location: 2F 0-1: Foul Ball, location: 2F 0-2: Foul Ball, location: 2F 0-2: Strikes out swinging
|
Top of the 5th over - 1 run, 2 hits, 0 errors, 3 left on base; West Virginia 4 - Binghamton 0 |
BOTTOM OF THE 5TH |
Binghamton Mets batting - Pitching for West Virginia Power : LHP Mario Flores
|
Batting: SHB Ryan Brown
|
0-0: Ball 1-0: Ball 2-0: Ball 3-0: Called Strike 3-1: DOUBLE (Flyball, 8RXD, EV 96.2 MPH)
|
Batting: LHB Preston Knaak
|
0-0: Ball 1-0: Fly out, F7 (Flyball, 7, EV 71.9 MPH)
|
Batting: RHB Rich Cracchiolo
|
0-0: Called Strike 0-1: SINGLE (Line Drive, 89S, EV 105.6 MPH) Ryan Brown to third
|
Batting: RHB Jordan Williams
|
0-0: Ball 1-0: Called Strike 1-1: Ball 2-1: Ball Rich Cracchiolo steals 2nd base 3-1: Base on Balls
|
Batting: RHB Gang-sheng Chew
|
0-0: Ball 1-0: Swinging Strike 1-1: Called Strike 1-2: Ball 2-2: Foul Ball, location: 2F 2-2: Strikes out looking
|
Batting: LHB Tony Leyba
|
0-0: Ball 1-0: Ground out U3 (Groundball, 34S, EV 85.0 MPH)
|
Bottom of the 5th over - 0 runs, 2 hits, 0 errors, 3 left on base; West Virginia 4 - Binghamton 0 |
TOP OF THE 6TH |
West Virginia Power batting - Pitching for Binghamton Mets : RHP Matt Bennett
|
Pitching: RHP Edwin Velazquez
|
|
Batting: RHB Brian Moore
|
0-0: Ball 1-0: Swinging Strike 1-1: Swinging Strike 1-2: Strikes out looking
|
Batting: RHB Perry Dominey
|
0-0: Called Strike 0-1: Ball 1-1: Swinging Strike 1-2: Foul Ball, location: 2F 1-2: Ball 2-2: Strikes out looking
|
Batting: LHB Josh Aerni
|
0-0: Ball 1-0: Ball 2-0: Called Strike 2-1: Ball 3-1: Swinging Strike 3-2: Strikes out swinging
|
Top of the 6th over - 0 runs, 0 hits, 0 errors, 0 left on base; West Virginia 4 - Binghamton 0 |
BOTTOM OF THE 6TH |
Binghamton Mets batting - Pitching for West Virginia Power : LHP Mario Flores
|
Batting: RHB Sean Lee
|
0-0: Ball 1-0: Swinging Strike 1-1: Ball 2-1: Foul Ball, location: 2F 2-2: Foul Ball, location: 2F 2-2: Ball 3-2: Base on Balls
|
Pitching: RHP Mike Rosen
|
|
Batting: RHB Fathi Addae
|
0-0: Foul Ball, location: 2F 0-1: Foul Ball, location: 2F 0-2: Strikes out swinging
|
Batting: RHB Victor Reyes
|
0-0: Foul Ball, location: 2F 0-1: Foul Ball, location: 2F 0-2: Foul Ball, location: 2F 0-2: Strikes out swinging
|
Batting: SHB Ryan Brown
|
0-0: Called Strike 0-1: Foul Ball, location: 2F 0-2: Ball 1-2: Foul Ball, location: 2F 1-2: Ball 2-2: Foul Ball, location: 2F 2-2: Ball 3-2: Strikes out swinging
|
Bottom of the 6th over - 0 runs, 0 hits, 0 errors, 1 left on base; West Virginia 4 - Binghamton 0 |
TOP OF THE 7TH |
West Virginia Power batting - Pitching for Binghamton Mets : RHP Edwin Velazquez
|
Batting: RHB Mike Velazquez
|
0-0: Called Strike 0-1: Called Strike 0-2: Ball 1-2: Ball 2-2: Foul Ball, location: 2F 2-2: Foul Ball, location: 2F 2-2: Fly out, F9 (Flyball, 9D, EV 89.4 MPH)
|
Batting: LHB Gregg Kellerman
|
0-0: Called Strike 0-1: Called Strike 0-2: Strikes out swinging
|
Batting: LHB Carlos Vega
|
0-0: Ball 1-0: Called Strike 1-1: Fly out, F8 (Flyball, 8RD, EV 102.5 MPH)
|
Top of the 7th over - 0 runs, 0 hits, 0 errors, 0 left on base; West Virginia 4 - Binghamton 0 |
BOTTOM OF THE 7TH |
Binghamton Mets batting - Pitching for West Virginia Power : RHP Mike Rosen
|
Batting: LHB Preston Knaak
|
0-0: Foul Ball, location: 2F 0-1: Ball 1-1: Fly out, F9 (Line Drive, 89D, EV 91.9 MPH)
|
Batting: RHB Rich Cracchiolo
|
0-0: Foul Ball, location: 2F 0-1: SINGLE (Groundball, P, EV 84.4 MPH) (infield hit)
|
Batting: RHB Jordan Williams
|
0-0: Called Strike 0-1: Ball 1-1: Ball 2-1: Ball Wild Pitch! Rich Cracchiolo to second 3-1: Base on Balls
|
Pinch Hitting: SHB Masatoshi Akahoshi
|
0-0: Fly out, F7 (Flyball, 7S, EV 80.0 MPH)
|
Pitching: LHP Hujime Ishida
|
|
Batting: RHB T.J. Spina
|
0-0: Ball 1-0: SINGLE (Flyball, 78S, EV 86.2 MPH) Rich Cracchiolo to third Jordan Williams to second Runner from 3rd tries for Home, SAFE, throw by LF to home
|
Batting: RHB Sean Lee
|
0-0: Ball Wild Pitch! Jordan Williams to third T.J. Spina to second 1-0: Ball 2-0: Called Strike 2-1: Swinging Strike 2-2: Foul Ball, location: 2F 2-2: Strikes out swinging
|
Bottom of the 7th over - 1 run, 2 hits, 0 errors, 2 left on base; West Virginia 4 - Binghamton 1 |
TOP OF THE 8TH |
West Virginia Power batting - Pitching for Binghamton Mets : RHP Edwin Velazquez
|
Pitching: RHP Guillermo de Leon
|
|
Now at 3B: Masatoshi Akahoshi
|
|
Batting: LHB Donald Imre
|
0-0: Ball 1-0: Foul Ball, location: 2F 1-1: SINGLE (Groundball, 6S, EV 62.5 MPH) (infield hit)
|
Batting: RHB Roberto Guzman
|
0-0: Called Strike 0-1: Foul Ball, location: 2F 0-2: Ball 1-2: Ball 2-2: Fly out, F4 (Popup, 4, EV 78.8 MPH)
|
Batting: RHB John DeVillier
|
0-0: Called Strike 0-1: Ball 1-1: Grounds into double play, 4-6-3 (Groundball, 4, EV 88.8 MPH)
|
Top of the 8th over - 0 runs, 1 hit, 0 errors, 0 left on base; West Virginia 4 - Binghamton 1 |
BOTTOM OF THE 8TH |
Binghamton Mets batting - Pitching for West Virginia Power : LHP Hujime Ishida
|
Pitching: RHP James Cornette
|
|
Batting: RHB Fathi Addae
|
0-0: Foul Ball, location: 2F 0-1: Foul Ball, location: 2F 0-2: Strikes out swinging
|
Pinch Hitting: LHB Bayesa Mundhir
|
0-0: Ground out 4-3 (Groundball, 4, EV 85.0 MPH)
|
Batting: SHB Ryan Brown
|
0-0: Called Strike 0-1: Ball 1-1: Swinging Strike 1-2: Ball 2-2: Fly out, F8 (Flyball, 8RD, EV 92.5 MPH)
|
Bottom of the 8th over - 0 runs, 0 hits, 0 errors, 0 left on base; West Virginia 4 - Binghamton 1 |
TOP OF THE 9TH |
West Virginia Power batting - Pitching for Binghamton Mets : RHP Guillermo de Leon
|
Pitching: RHP Jose Lara
|
|
Now at SS: Oscar Bravo
|
|
Batting: RHB Brian Moore
|
0-0: Called Strike 0-1: Swinging Strike 0-2: Foul Ball, location: 2F 0-2: Foul Ball, location: 2F 0-2: Fly out, F9 (Line Drive, 9D, EV 96.2 MPH)
|
Batting: RHB Perry Dominey
|
0-0: Ball 1-0: Ground out 3-1 (Groundball, 34S, EV 83.8 MPH)
|
Batting: LHB Josh Aerni
|
0-0: SINGLE (Groundball, 25, EV 70.6 MPH) (infield hit)
|
Batting: RHB Mike Velazquez
|
0-0: Ball 1-0: Ball 2-0: Foul Ball, location: 2F 2-1: Ball 3-1: Swinging Strike 3-2: Strikes out swinging
|
Top of the 9th over - 0 runs, 1 hit, 0 errors, 1 left on base; West Virginia 4 - Binghamton 1 |
BOTTOM OF THE 9TH |
Binghamton Mets batting - Pitching for West Virginia Power : RHP James Cornette
|
Pitching: RHP Eric Bourque
|
|
Batting: LHB Preston Knaak
|
0-0: Foul Ball, location: 2F 0-1: Called Strike 0-2: Foul Ball, location: 2F 0-2: Ball 1-2: Ball 2-2: Foul Ball, location: 2F 2-2: Foul Ball, location: 2F 2-2: Strikes out swinging
|
Batting: RHB Rich Cracchiolo
|
0-0: Ground out 4-3 (Groundball, 34, EV 100.6 MPH)
|
Batting: RHB Jordan Williams
|
0-0: Called Strike 0-1: Foul Ball, location: 2F 0-2: Strikes out swinging
|
Bottom of the 9th over - 0 runs, 0 hits, 0 errors, 0 left on base; West Virginia 4 - Binghamton 1 |
|